 Dungeon Crawl Stone Soup version 0.23-a0-151-gf6d1ed2 (webtiles) character file.

340 Inarius the Chucker (level 6, 0/91 HPs)
             Began as an Ogre Hunter on Sept 7, 2018.
             Was a Believer of Cheibriados.
             Succumbed to a worker ant's poison
             ... on level 4 of the Dungeon.
             The game lasted 00:09:25 (4073 turns).

Inarius the Chucker (Ogre Hunter)                   Turns: 4073, Time: 00:09:26

Health: 0/91       AC: 30    Str: 23    XL:     6   Next: 56%
Magic:  6/6        EV:  1    Int: 16    God:    Cheibriados [**....]
Gold:   106        SH:  0    Dex: 18    Spells: 5/5 levels left

rFire    . . .     SeeInvis .   m - +1 mace (protect)
rCold    . . .     Gourm    .   (no shield)
rNeg     + + +     Faith    .   (armour currently unavailable)
rPois    +         Spirit   .   (helmet currently unavailable)
rElec    .         Reflect  .   (cloak currently unavailable)
rCorr    .         Harm     .   (gloves unavailable)
MR       .....     NoTele   +   (boots unavailable)
Stlth    +++.......             (no amulet)
HPRegen  0.25/turn              (no ring)
MPRegen  0.10/turn              (no ring)

@: agile, lethally poisoned (0 -> -11), tree-form, protection aura, heavily
drained, very slow
A: large, unfitting armour
a: Bend Time, Renounce Religion


You were on level 4 of the Dungeon.
You worshipped Cheibriados.
Cheibriados was pleased with you.
You were not hungry.
You were a tree.
You visited 1 branch of the dungeon, and saw 4 of its levels.

You collected 106 gold pieces.

Inventory:

Hand Weapons
 e - a +0 giant club
 m - a +1 mace of protection (weapon)
Missiles
 d - 5 large rocks
 o - 73 stones (quivered)
 p - 4 steel tomahawks
 r - a throwing net
Armour
 b - a +0 robe (melded)
Wands
 c - a wand of paralysis (4)
Scrolls
 g - 2 scrolls of magic mapping {unknown}
 j - a scroll of fear {unknown}
 k - a scroll of fog {unknown}
 l - 4 scrolls of teleportation
 q - a scroll of noise {unknown}
Potions
 h - 2 potions of magic
 i - a potion of invisibility
 n - a potion of mutation
 s - a potion of haste
Comestibles
 a - 3 chunks of flesh
 f - 10 rations


   Skills:
 + Level 3.5(1.7) Fighting
 * Level 3.9(2.1) Maces & Flails
 + Level 5.2(3.3) Throwing
 + Level 2.4(0.7) Dodging
 - Level 0.8(0.0) Stealth
 * Level 1.0(0.0) Evocations


You had 5 spell levels left.
You didn't know any spells.
Your spell library was empty.

Dungeon Overview and Level Annotations

Branches:
Dungeon (4/15)
 Temple: D:4-7

Altars:
Cheibriados
Dithmenos
Qazlal
Wu Jian
The Shining One


Innate Abilities, Weirdness & Mutations

You are too large for most types of armour.
((You have tough skin. (AC +1)))


Message History

You barely miss the worker ant.
The worker ant is severely wounded.
* * * LOW HITPOINT WARNING * * *
You feel sick.
The worker ant bites you but does no damage.
It was a potion of agility.
You feel agile all of a sudden.
* * * LOW HITPOINT WARNING * * *
You feel sick.
The worker ant bites you but does no damage.
You hit the worker ant.
Your weapon exudes an aura of protection.
You kill the worker ant!
Cheibriados appreciates the change of pace.
Your base Evocations skill increases to level 1!
* * * LOW HITPOINT WARNING * * *
You feel sick.
* * * LOW HITPOINT WARNING * * *
You feel sick.
You die...

##.#######).# #.#
###..## #.#
.....##### #.#
#....(..# #.#
#..##...########
#.#
##..............##
#.
#........######...
#..####..# ####
#♣.# #..# #.†#
#..# #.## #... #..
..... #.. #..###
#..# ..# #..# #..#


There were no monsters in sight!

Vanquished Creatures
  An ogre (D:4)
  A scorpion (D:4)
  Ijyb (D:3)
  A worker ant (D:4)
  6 adders
  3 oozes
  6 worms
  A dart slug (D:2)
  4 orcs (D:3)
  7 bats
  2 giant cockroaches
  8 hobgoblins
  3 jackals (D:3)
  5 quokkas
  2 ball pythons
  6 frilled lizards
  7 goblins
  7 kobolds
  5 rats
76 creatures vanquished.

Notes
Turn   | Place    | Note
-------+----------+-------------------------------------------
     0 | D:1      | Inarius the Ogre Hunter began the quest for the Orb.
     0 | D:1      | Reached XP level 1. HP: 22/22 MP: 1/1
   448 | D:1      | Reached XP level 2. HP: 25/29 MP: 2/2
  1152 | D:2      | Found a shadowy altar of Dithmenos.
  1203 | D:2      | Reached XP level 3. HP: 12/36 MP: 3/3
  1610 | D:2      | Reached skill level 1 in Maces & Flails
  1613 | D:2      | Found a snail-covered altar of Cheibriados.
  1617 | D:2      | Became a worshipper of Cheibriados the Contemplative
  1792 | D:2      | Found an ornate altar of the Wu Jian Council.
  2005 | D:3      | Reached XP level 4. HP: 42/45 MP: 4/4
  2203 | D:3      | Reached * piety under Cheibriados
  2500 | D:3      | Noticed Ijyb
  2503 | D:3      | Paralysed by Ijyb for 7 turns
  2517 | D:3      | Paralysed by Ijyb for 5 turns
  2523 | D:3      | Killed Ijyb
  2523 | D:3      | Reached skill level 5 in Throwing
  2523 | D:3      | Reached XP level 5. HP: 40/53 MP: 5/5
  2600 | D:3      | Found a stormy altar of Qazlal.
  3214 | D:3      | Found a glowing golden altar of the Shining One.
  3402 | D:4      | Reached ** piety under Cheibriados
  3513 | D:4      | Noticed an ogre
  3519 | D:4      | Killed an ogre
  3519 | D:4      | Reached XP level 6. HP: 61/61 MP: 6/6
  4069 | D:4      | HP: 4/91 [poisoned by a worker ant]
  4071 | D:4      | Reached skill level 1 in Evocations
  4071 | D:4      | HP: 1/91 [poisoned by a worker ant]
  4073 | D:4      | Succumbed to a worker ant's poison

Vault maps used:
D:1:      eino_arrival_tree_alley
D:2:      lemuel_crystal_altar, marbit_many_paths,
          nicolae_overflow_hidden_temple, first_ration, grunt_decor_clamped
D:3:      tso_oasis_becter, grunt_qazlal_clouds, uniq_ijyb
D:4:      minmay_temple_entry_glassed_door, uniq_crazy_yiuf_cottage

Skill      XL: |  1  2  3  4  5  6 |
---------------+-------------------+-----
Maces & Flails | 1 2 3 |  3.9
Fighting       | 3 |  3.5
Dodging        | 2 |  2.4
Throwing       | 5 |  5.2
Evocations     | 1 |  1.0
Stealth        | |  0.8

Action                   |  1- 3 |  4- 6 || total
-------------------------+-------+-------++-------
Melee: Mace              |    73 |   143 ||   216
       Short sword       |    10 |       ||    10
Throw: Stone             |    46 |    59 ||   105
       Large rock        |     5 |     6 ||    11
       Throwing net      |       |     2 ||     2
Evoke: Wand              |       |     3 ||     3
  Use: Potion            |     3 |     3 ||     6
       Scroll            |     4 |     4 ||     8
 Stab: Sleeping          |     1 |     1 ||     2
       Paralysed         |       |     4 ||     4
       Invisible         |       |     1 ||     1
  Eat: Chunk             |     4 |     3 ||     7
Armor: Robe              |    37 |    87 ||   124
       Skin              |       |     4 ||     4
Dodge: Dodged            |    70 |   110 ||   180

Table legend:
 A = Non-vault XP
 B = Vault XP
 C = Vault XP percentage of total XP
 D = Non-vault monster count
 E = Vault monster count
 F = Vault count percentage of total count
                 A         B        C        D         E       F
            +---------+---------+-------+---------+---------+-------
      Total |     449 |      38 |   7.8 |      74 |       2 |   2.6
            +---------+---------+-------+---------+---------+-------
        D:1 |      16 |       0 |   0.0 |      10 |       0 |   0.0
        D:2 |      55 |       2 |   3.5 |      18 |       1 |   5.3
        D:3 |     111 |      36 |  24.5 |      36 |       1 |   2.7
        D:4 |     267 |       0 |   0.0 |      10 |       0 |   0.0
            +---------+---------+-------+---------+---------+-------
